 Dungeon Crawl Stone Soup version 0.18-a0-824-g47fe746 (webtiles) character file.

148 JokEr the Insei (level 5, -6/36 HPs)
             Began as an Octopode Transmuter on Dec 17, 2015.
             Mangled by an ogre
             ... wielding a +0 giant spiked club
              (21 damage)
             ... on level 4 of the Dungeon.
             The game lasted 00:07:04 (4022 turns).

JokEr the Insei (Octopode Transmuter)               Turns: 4022, Time: 00:07:05

Health: -6/36      AC:  1    Str: 10    XL:     5   Next: 30%
Magic:  7/8        EV: 12    Int: 16    God:
Gold:   215        SH:  0    Dex: 12    Spells: 1 memorised, 7 levels left

rFire  . . .     SeeInvis .       - Unarmed
rCold  . . .     Gourm    .     (no shield)
rNeg   . . .     Faith    .     (helmet restricted)
rPois  .         Spirit   .     (no amulet)
rElec  .         Dismiss  .     (no ring)
rCorr  .         Reflect  .     (no ring)
SustAt .         Harm     .     (no ring)
MR     .....                    (no ring)
Stlth  ++........               (no ring)
                                (no ring)
                                (no ring)
                                (no ring)

@: appendage (expiring), not resistant to hostile enchantments, unstealthy
A: almost no armour, amphibious, 8 rings, constrict 8, tentacle spike 3,
camouflage 1, gelatinous body 1
a: End Transformation


You were on level 4 of the Dungeon.
You were very hungry.
One of your tentacles had a temporary spike.
You visited 1 branch of the dungeon, and saw 4 of its levels.

You collected 215 gold pieces.

Inventory:

Missiles
 a - 48 arrows
 h - 23 arrows of dispersal
 o - 16 arrows of frost
Wands
 i - a wand of draining (15)
Scrolls
 p - a scroll of remove curse {unknown}
 s - a scroll of enchant weapon
Potions
 c - a potion of mutation {unknown}
 d - a potion of heal wounds
 e - a potion of lignification
 f - a potion of flight {unknown}
 g - a potion of curing {unknown}
 j - a potion of brilliance {unknown}
 l - 3 potions of resistance {unknown}
 n - a potion of might {unknown}
 q - a potion of invisibility {unknown}
Books
 b - a book of Changes

   Spells                             Type                      Level
   a - Beastly Appendage              Transmutation                1
   b - Sticks to Snakes               Transmutation                2
   c - Spider Form                    Transmutation/Poison         3
   d - Ice Form                       Ice/Transmutation            4
   e - Blade Hands                    Transmutation                5
Comestibles
 k - a beef jerky
 m - 2 meat rations
 r - a bread ration


   Skills:
 + Level 3.5 Fighting
 - Level 2.0 Dodging
 + Level 4.6 Unarmed Combat
 - Level 2.0 Spellcasting
 - Level 2.0 Transmutations


You had 7 spell levels left.
You knew the following spells:

 Your Spells              Type           Power        Failure   Level  Hunger
a - Beastly Appendage     Trmt           #.....       10%         1    #......


Dungeon Overview and Level Annotations

Branches:
Dungeon (4/15)
 Temple: D:4-7

Altars:
Dithmenos
Fedhas
Gozag
Kikubaaqudgha
Qazlal
Ru


Innate Abilities, Weirdness & Mutations

You cannot wear most types of armour.
You are amphibious.
You can wear up to eight rings at the same time.
You can use your tentacles to constrict eight enemies at once.
Your skin changes colour to match your surroundings (Stealth).
Your rubbery body absorbs attacks (AC +1).
One of your tentacles bears a large vicious spike.


Message History

Casting: Beastly Appendage
Confirm with . or Enter, or press ? or * to list all spells.
One of your tentacles grows a vicious spike.
The ogre barely misses you.
You tentacle-slap the ogre but do no damage.
You squeeze the ogre!
The ogre is moderately wounded.
You tentacle-slap the ogre.
You pierce the ogre.
The ogre is heavily wounded.
The ogre hits you with a giant spiked club!!
Ouch! That really hurt!
You barely miss the ogre.
The ogre is heavily wounded.
You tentacle-slap the ogre but do no damage.
Your squeeze misses the ogre.
The ogre is heavily wounded.
Your transformation is almost over.
The ogre hits you with a giant spiked club!!
Ouch! That really hurt!
You die...

##### .... #..## #..#
# .. #..##.##..###.#
.. ..##.........####
.. #.# #.O@....... #.
#.#####......≈...
#.####..........≈..≈..
#........###..≈≈≈...≈.
###........#
#..≈≈≈≈≈≈≈≈
...........#
#..≈≈≈≈≈≈≈≈
####.......#
#...≈≈>⌠≈≈≈ #.......#
#.[.≈≈_.≈≈. #<......#
#...≈≈≈≈≈≈


You could see an ogre.

Vanquished Creatures
  Jessica (D:2)
  3 adders (D:2)
  2 oozes
  An adder zombie (D:3)
  3 worms (D:2)
  4 giant geckos (D:2)
  2 orcs
  5 bats
  3 giant cockroaches
  13 goblins
  2 hobgoblins
  3 quokkas
  7 giant newts
  3 jackals (D:1)
  10 kobolds
  11 rats
73 creatures vanquished.

Notes
Turn   | Place    | Note
--------------------------------------------------------------
     0 | D:1      | JokEr the Octopode Transmuter began the quest for the Orb.
     0 | D:1      | Reached XP level 1. HP: 13/13 MP: 3/3
   345 | D:1      | Reached XP level 2. HP: 18/18 MP: 5/5
  1125 | D:1      | Reached XP level 3. HP: 13/24 MP: 6/6
  1810 | D:2      | You fall through a shaft for 2 floors!
  1870 | D:3      | Reached skill level 4 in Unarmed Combat
  2180 | D:2      | Noticed Jessica
  2185 | D:2      | Killed Jessica
  2185 | D:2      | Reached XP level 4. HP: 13/30 MP: 5/7
  3285 | D:2      | Reached XP level 5. HP: 32/36 MP: 8/8
  3725 | D:3      | Found a shadowy altar of Dithmenos.
  3825 | D:3      | Found an ancient bone altar of Kikubaaqudgha.
  3826 | D:3      | Found a blossoming altar of Fedhas.
  3985 | D:3      | Found an opulent altar of Gozag.
  3986 | D:3      | Found a sacrificial altar of Ru.
  4013 | D:4      | Found a stormy altar of Qazlal.
  4014 | D:4      | Noticed an ogre
  4022 | D:4      | Mangled by an ogre

Vault maps used:
D:1:      dpeg_arrival_connections
D:2:      uniq_robin, uniq_jessica
D:3:      grunt_temple_overflow_growth_and_decay,
          nicolae_overflow_hidden_temple, serial_glass, glass_columns_b,
          glass_columns_b
D:4:      tgw_xom, serial_shops, shop, first_bread,
          nicolae_qazlal_general_emergency, uniq_menkaure

Action                   |  1- 3 |  4- 6 || total
-------------------------+-------+-------++-------
Melee: Unarmed           |    79 |    81 ||   160
 Cast: Beastly Appendage |     3 |     2 ||     5
  Use: Scroll            |     4 |     2 ||     6
       Potion            |     1 |       ||     1
 Stab: Sleeping          |     9 |     8 ||    17
       Distracted        |       |     1 ||     1
  Eat: Chunk             |     4 |       ||     4
       Bread ration      |       |     1 ||     1
